 Dungeon Crawl Stone Soup version 0.29-a0-25-g7f48f510a0 (webtiles) character file.

Game seed: 2154935377592521488

5870 Nattfarinn the Fighter (level 10, -7/99 HPs)
             Began as a Naga Venom Mage on Jan 31, 2022.
             Was an Elder of Cheibriados.
             Mangled by a two-headed ogre (16 damage)
             ... on level 10 of the Dungeon.
             The game lasted 00:24:59 (11972 turns).

Nattfarinn the Fighter (Naga Venom Mage)           Turns: 11972, Time: 00:25:00

Health: -7/99      AC: 13    Str: 30    XL:     10   Next: 81%
Magic:  11/19      EV:  9    Int: 29    God:    Cheibriados [****..]
Gold:   886        SH:  0    Dex: 22    Spells: 7/21 levels left

rFire   . . .      SeeInvis +   h - +2 scythe (protect)
rCold   + . .      Faith    .   (shield currently unavailable)
rNeg    . . .      Spirit   .   m - +1 ring mail of Bitterness {Str+7}
rPois   +          Reflect  .   G - +2 hat
rElec   .          Harm     .   r - +0 cloak
rCorr   .          Rampage  .   (no gloves)
Will    +....                   (no barding)
Stlth   ++........              u - amulet of the acrobat
HPRegen 0.26/turn               p - ring of Temptation {AC+4 Int+2}
MPRegen 0.16/turn               y - ring "Oshi" {Wiz rC+}

@: very slow
A: AC +3, large, see invisible, deformed body, poison resistance, slowness 2,
spit poison 1, naga tail 1
a: Spit Poison, Renounce Religion, Bend Time, Temporal Distortion, Slouch


You were on level 10 of the Dungeon.
You worshipped Cheibriados.
Cheibriados was greatly pleased with you.
You visited 1 branch of the dungeon, and saw 10 of its levels.

You collected 1822 gold pieces.
You spent 936 gold pieces at shops.

Inventory:

Hand Weapons
 h - a +2 scythe of protection (weapon)
Armour
 a - a +0 robe
 m - the +1 ring mail of Bitterness (worn) {Str+7}
   (You acquired it on level 8 of the Dungeon)

   Str:       It affects your strength (+7).
 r - a +0 cloak (worn)
 G - a +2 hat (worn)
Jewellery
 b - a +4 ring of evasion
 c - a ring of positive energy
 f - a +6 ring of dexterity
 g - a ring of positive energy
 p - the ring of Temptation (left hand) {AC+4 Int+2}
   (You bought it in a shop on level 4 of the Dungeon)

   [ring of protection]

   AC:        It affects your AC (+4).
   Int:       It affects your intelligence (+2).
 u - an amulet of the acrobat (around neck)
 y - the ring "Oshi" (right hand) {Wiz rC+}
   (You bought it in a shop on level 4 of the Dungeon)

   [ring of wizardry]

   It improves your spell success rate.
   rC:        It protects you from cold.
 C - a +4 ring of protection
 F - a ring of ice
Wands
 n - a wand of iceblast (5)
 t - a wand of charming (5)
 z - a wand of acid (5)
 A - a wand of flame (8)
Scrolls
 d - a scroll of silence
 e - 3 scrolls of teleportation
 i - a scroll of amnesia
 j - a scroll of torment
 k - 4 scrolls of fog
 l - 3 scrolls of immolation
 q - 3 scrolls of magic mapping
 v - a scroll of summoning
 D - a scroll of blinking
Potions
 o - a potion of attraction {unknown}
 s - a potion of magic {unknown}
 w - 3 potions of flight
 x - a potion of lignification
 B - a potion of degeneration {unknown}
 E - a potion of curing


   Skills:
 - Level 9.3 Fighting
 - Level 1.5 Dodging
 - Level 3.0 Stealth
 - Level 6.4 Spellcasting
 - Level 6.4 Necromancy
 - Level 1.0 Transmutations
 - Level 7.8 Poison Magic
 * Level 6.2 Invocations
 + Level 3.9 Evocations


You had 7 spell levels left.
You knew the following spells:

 Your Spells              Type           Power      Damage    Failure   Level
a - Sting                 Tmut/Pois      100%       1d8       1%          1
b - Olgreb's Toxic Radia  Pois           53%        N/A       1%          4
c - Poisonous Vapours     Pois/Air       64%        N/A       1%          2
d - Dispel Undead         Necr           46%        3d18      2%          4
e - Mephitic Cloud        Conj/Pois/Air  24%        N/A       3%          3

Your spell library contained the following spells:

 Spells                   Type           Power      Damage    Failure   Level
 Static Discharge         Conj/Air       9%         N/A       4%          2
 Gell's Gravitas          Tloc           9%         N/A       10%         3
 Teleport Other           Tloc           9%         N/A       10%         3
 Animate Armour           Summ/Erth      18%        N/A       30%         4
 Sticky Flame             Conj/Fire      9%         2d3       30%         4
 Blade Hands              Tmut           7%         N/A       47%         5
 Dispersal                Tloc           4%         N/A       99%         6
 Iron Shot                Conj/Erth      4%         9d2       99%         6


Dungeon Overview and Level Annotations

Branches:
Dungeon (10/15)            Temple (0/1) D:5
   Lair: D:8-11         Orc: D:9-12

Altars:
Ashenzari
Cheibriados
Dithmenos
Elyvilon
Fedhas
Gozag
Kikubaaqudgha
Nemelex Xobeh
Okawaru
Sif Muna
Uskayaw
Vehumet
The Shining One

Shops:
D:4 =   D:6 *

Annotations:
D:7 2 transporters


Innate Abilities, Weirdness & Mutations

Your serpentine skin is tough. (AC +3)
You have supernaturally acute eyesight. (SInv)
Armour fits poorly on your strangely shaped body.
Your system is resistant to poisons. (rPois)
You cover ground very slowly.
You can spit poison.
You have a snake-like lower body.


Message History

You are no longer poisoned.
You start resting.
Magic restored.
You start resting.
A two-headed ogre comes into view.
It is wielding a +0 giant spiked club and a +0 giant club.
Okay, then.
Casting: Olgreb's Toxic Radiance (mildly dangerous; 1% risk of failure)
Confirm with . or Enter, or press ? or * to list all spells.
Aiming: Mephitic Cloud (mildly dangerous; 3% risk of failure)
Press: ? - help, Shift-Dir - straight line, f - two-headed ogre
Aim: a two-headed ogre, wielding a +0 giant spiked club and a +0 giant club (wandering, hasn't noticed you, chance to affect: 53%)
The ball explodes into a vile cloud!
The stinking cloud engulfs the two-headed ogre but does no damage.
The two-headed ogre shouts in stereo!
The stinking cloud engulfs you but does no damage.
You hear a shout!
You hear an angry buzzing noise.
You hear two shouts!
You hear a shout! x2
The two-headed ogre is engulfed in noxious fumes.
The two-headed ogre appears confused.
Cheibriados appreciates the change of pace.
You feel a bit more experienced.
Casting: Mephitic Cloud (mildly dangerous; 3% risk of failure)
Confirm with . or Enter, or press ? or * to list all spells.
You begin to radiate toxic energy.
The two-headed ogre is poisoned.
The two-headed ogre looks even sicker.
Your toxic aura wanes.
The two-headed ogre seems less confused.
The two-headed ogre completely misses you.
The two-headed ogre barely misses you.
Casting: Olgreb's Toxic Radiance (mildly dangerous; 1% risk of failure)
Confirm with . or Enter, or press ? or * to list all spells.
Aiming: Poisonous Vapours (safe; 1% risk of failure)
Press: ? - help, Dir - move target, f/p - two-headed ogre
Aim: a two-headed ogre, wielding a +0 giant spiked club and a +0 giant club (lightly wounded, very poisoned) Poisonous vapours surround the two-headed ogre!
The two-headed ogre looks as sick as possible!
The two-headed ogre hits you with a +0 giant spiked club!!
* * * LOW HITPOINT WARNING * * *
The two-headed ogre hits you with a +0 giant club!
You die...

.#.............##
♣♣.#............<..
..g#...#...........
...#....<..........
♣♣†♣
###.............
♣)♣♣ ##.##..###'###
♣♣.♣♣ #..#[.###'###
♣♣O♣# ##.#.........
♣♣@# #.#.........
♣♣.♣# #...........
♣.♣♣ ##..........
♣.♣ #..........
♣♣.♣♣ ##..[......
#♣...♣# #.........
#.....# #.........
#♣...♣# #.>.......
♣♣.♣♣ ###......>


You could see a two-headed ogre (extremely poisoned).

Vanquished Creatures
  Erica (D:9)
  Pikel (D:5)
  Joseph (D:7)
  Grinder (D:4)
  Sigmund (D:4)
  3 yaks
  Menkaure (D:6)
  An acid dragon (D:10)
  2 water moccasins
  A black bear (D:4)
  2 orc warriors
  A hornet zombie (D:8)
  2 necrophages
  2 ogres
  A sky beast (D:5)
  A centaur (D:6)
  4 boggarts (D:9)
  A phantom (D:4)
  2 lemures (D:5)
  A gnoll sergeant (D:10)
  A bullfrog (D:9)
  A wyvern zombie (D:9)
  3 jellies (D:4)
  A scorpion (D:4)
  3 killer bees (D:8)
  3 wights (D:9)
  3 howler monkeys (D:8)
  A bullfrog zombie (D:5)
  A centaur zombie (D:7)
  A centaur skeleton (D:5)
  9 orc priests
  Ijyb (D:4)
  6 hounds
  An iguana (D:5)
  15 orc wizards
  A killer bee zombie (D:8)
  2 howler monkey zombies (D:7)
  A howler monkey skeleton (D:6)
  4 adders
  2 ufetubi (D:5)
  A worm (D:2)
  3 dart slugs
  44 orcs
  6 bats
  4 endoplasms
  3 giant cockroaches
  6 goblins
  9 hobgoblins
  6 jackals (D:3)
  2 quokkas
  7 ball pythons
  5 frilled lizards
  6 kobolds
  8 rats
200 creatures vanquished.

Vanquished Creatures (others)
  A water moccasin (D:7)
  A howler monkey (D:7)
  A jelly (D:7)
  A demonic plant (D:1)
  A fungus (D:1)
  12 plants (D:10)
17 creatures vanquished.

Grand Total: 217 creatures vanquished

Notes
Turn   | Place    | Note
-------+----------+-------------------------------------------
     0 | D:1      | Nattfarinn the Naga Venom Mage began the quest for the Orb.
     0 | D:1      | Reached XP level 1. HP: 15/15 MP: 3/3
   404 | D:1      | Reached XP level 2. HP: 22/22 MP: 1/5
   718 | D:1      | Found a faded altar of an unknown god.
   887 | D:1      | Reached skill level 5 in Poison Magic
  1055 | D:1      | Reached XP level 3. HP: 28/28 MP: 3/6
  1777 | D:2      | Found a snail-covered altar of Cheibriados.
  1804 | D:2      | Became a worshipper of Cheibriados the Contemplative
  2454 | D:2      | Reached XP level 4. HP: 36/36 MP: 5/8
  2500 | D:2      | Reached * piety under Cheibriados
  2967 | D:3      | Learned a level 4 spell: Olgreb's Toxic Radiance
  3640 | D:3      | Reached XP level 5. HP: 39/42 MP: 1/10
  3818 | D:3      | Reached ** piety under Cheibriados
  3866 | D:4      | Found Urinecan's Jewellery Emporium.
  3916 | D:4      | Noticed Sigmund
  3926 | D:4      | HP: 2/42 [orc wizard/magic dart (6)]
  3950 | D:4      | HP: 3/63 [orc (2)]
  4150 | D:4      | Learned a level 2 spell: Poisonous Vapours
  4268 | D:4      | Reached XP level 6. HP: 36/49 MP: 0/12
  4436 | D:4      | Found a glowing golden altar of the Shining One.
  4535 | D:4      | Killed Sigmund
  4536 | D:4      | Reached skill level 5 in Spellcasting
  4536 | D:4      | Reached XP level 7. HP: 44/55 MP: 3/15
  4628 | D:4      | Noticed Ijyb
  4636 | D:4      | Killed Ijyb
  4751 | D:4      | Noticed Grinder
  4801 | D:4      | Killed Grinder
  4879 | D:4      | Found a hide-covered altar of Uskayaw.
  4916 | D:4      | Reached *** piety under Cheibriados
  4917 | D:4      | Reached skill level 1 in Fighting
  4975 | D:4      | Reached skill level 2 in Fighting
  4975 | D:4      | Reached skill level 1 in Necromancy
  4975 | D:4      | Reached XP level 8. HP: 42/67 MP: 17/17
  5234 | D:4      | Reached skill level 3 in Fighting
  5523 | D:5      | Entered Level 5 of the Dungeon
  5622 | D:5      | Reached skill level 4 in Fighting
  5671 | D:5      | Learned a level 4 spell: Dispel Undead
  5907 | D:5      | Noticed Pikel
  5912 | D:5      | Killed Pikel
  5913 | D:5      | Reached skill level 6 in Fighting
  5913 | D:5      | Reached XP level 9. HP: 54/84 MP: 4/18
  5969 | D:5      | Found a staircase to the Ecumenical Temple.
  6245 | D:5      | Found an iron altar of Okawaru.
  6255 | D:5      | Found a white marble altar of Elyvilon.
  6255 | D:5      | Found a broken altar of Ashenzari.
  6287 | D:5      | Found a shadowy altar of Dithmenos.
  6547 | D:6      | Found a sparkling altar of Nemelex Xobeh.
  6646 | D:6      | Found Cux Mued's General Store.
  6654 | D:6      | Bought a scroll of identify for 24 gold pieces
  6964 | D:6      | Noticed Menkaure
  6969 | D:6      | Killed Menkaure
  6970 | D:6      | Reached skill level 7 in Fighting
  7194 | D:6      | Found a blossoming altar of Fedhas.
  7195 | D:6      | Found a shimmering blue altar of Sif Muna.
  7195 | D:6      | Found an ancient bone altar of Kikubaaqudgha.
  7259 | D:6      | Reached skill level 5 in Necromancy
  7263 | D:6      | Reached **** piety under Cheibriados
  7569 | D:7      | Found a transporter.
  7601 | D:7      | Found a transporter.
  7612 | D:7      | Noticed a troll
  7613 | D:7      | Found a radiant altar of Vehumet.
  7614 | D:7      | Noticed an efreet
  8228 | D:8      | Reached skill level 8 in Fighting
  8234 | D:8      | Noticed Joseph
  8750 | D:7      | Killed Joseph
  8751 | D:7      | Reached skill level 9 in Fighting
  8751 | D:7      | Reached XP level 10. HP: 15/99 MP: 12/19
  9314 | D:8      | Found an opulent altar of Gozag.
  9442 | D:8      | Reached skill level 1 in Invocations
  9506 | D:8      | Reached skill level 1 in Evocations
  9790 | D:8      | Identified 2 scrolls of acquirement
  9791 | D:8      | Acquired the +1 ring mail of Bitterness {Str+7}
  9792 | D:8      | Acquired 1269 gold pieces
  9923 | D:4      | Bought the ring of Temptation {AC+4 Int+2} for 472 gold
                  | pieces
  9923 | D:4      | Bought the ring "Oshi" {Wiz rC+} for 440 gold pieces
  9940 | D:4      | Learned a level 3 spell: Mephitic Cloud
 10294 | D:9      | Noticed Erica
 10307 | D:9      | Killed Erica
 10404 | D:9      | Reached ***** piety under Cheibriados
 11037 | D:9      | Noticed a two-headed ogre
 11039 | D:9      | Reached skill level 5 in Invocations
 11549 | D:10     | Entered Level 10 of the Dungeon
 11967 | D:10     | Noticed a two-headed ogre
 11972 | D:10     | Mangled by a two-headed ogre

Illustrated notes

Levels and vault maps discovered:
D:1:      erik_arrival_cave_to_civilisation [erik_arrival_cave_to_hall],
          layout_loops_corners, shapermc_ecumenical_altar_gd
D:2:      layout_loops_ring, basic_altar, hangedman_decor_riveting,
          guppyfry_early_orc_mine
D:3:      layout_basic
D:4:      layout_gridville, nicolae_overflow_hidden_temple,
          eat_drink_and_be_merry_uskayaw, serial_shops, nicolae_stop_n_shop_2,
          grunt_decor_fettered, corexii_leaking_fountain,
          kennysheep_decorative_pillar, uniq_sigmund, uniq_ijyb, uniq_grinder
D:5:      layout_gridville, minitemple, minmay_temple_entry_junction_2,
          uniq_pikel
D:6:      layout_gridville, nemelex_xobeh_ov_fountains_minmay,
          gammafunk_temple_overflow_forgotten, serial_shops, nicolae_shop_trees,
          uniq_menkaure
D:7:      layout_loops_cross, gammafunk_temple_overflow_arena
D:8:      layout_gridville, marbit_many_paths, uniq_joseph
D:9:      layout_basic, uniq_erica
D:10:     nzn_winding_woodlands_large [nzn_winding_woodlands_5x5_perimeter,
          nzn_winding_woodlands_5x15_zeroes, nzn_winding_woodlands_hourglass,
          nzn_winding_woodlands_center_pierced_h,
          nzn_winding_woodlands_15x15_eel_pit,
          nzn_winding_woodlands_center_garden,
          nzn_winding_woodlands_5x5_default, nzn_winding_woodlands_5x15_crooked,
          nzn_winding_woodlands_5x5_closed_star], layout_basic

Skill      XL: |  1  2  3  4  5  6  7  8  9 10 |
---------------+-------------------------------+-----
Poison Magic   | 5 6 7 |  7.8
Spellcasting   | 3 4 5 6 |  6.4
Fighting       | 2 6 9 |  9.3
Necromancy     | 1 4 6 |  6.4
Invocations    | 6 |  6.2
Evocations     | 3 |  3.9
Dodging        | |  1.5
Stealth        | |  3.0
Transmutations | |  1.0

Action                   |  1- 3 |  4- 6 |  7- 9 | 10-12 || total
-------------------------+-------+-------+-------+-------++-------
Melee: Unarmed           |    17 |    46 |       |       ||    63
       Punch             |       |     1 |       |       ||     1
       Scythe            |       |       |   129 |    60 ||   189
 Cast: Sting             |    73 |    36 |     6 |       ||   115
       Olgreb's Toxic Ra |       |    12 |    23 |    14 ||    49
       Poisonous Vapours |       |     4 |    22 |    10 ||    36
       Dispel Undead     |       |       |     1 |     8 ||     9
       Mephitic Cloud    |       |       |       |     3 ||     3
Invok: Slouch            |       |       |       |     1 ||     1
Evoke: Wand              |       |       |     7 |       ||     7
  Use: Potion            |       |     3 |     1 |       ||     4
       Scroll            |       |     1 |     8 |     5 ||    14
 Stab: Distracted        |       |     1 |     1 |       ||     2
       Sleeping          |       |       |     8 |     1 ||     9
Armor: Robe              |     5 |     2 |    58 |     9 ||    74
       Skin              |       |    32 |       |       ||    32
       Ring mail         |       |       |       |    24 ||    24
Dodge: Dodged            |    28 |    33 |   141 |    38 ||   240

Table legend: (Time is in decaauts)
 A = Elapsed time spent in this place.
 B = Non-inter-level travel time spent in this place.
 C = Inter-level travel time spent in this place.
 D = Time resting spent in this place.
 E = Time spent auto-exploring this place.
 F = Levels seen in this place.
 G = Mean time per level.
                   A        B        C        D        E       F      G
               +--------+--------+--------+--------+--------+-----+--------+
         Total |  19250 |  17717 |   1533 |   1404 |  14176 |  10 | 1925.0 |
       Dungeon |  19250 |  17717 |   1533 |   1404 |  14176 |  10 | 1925.0 |
               +--------+--------+--------+--------+--------+-----+--------+

Top non-repeatable levels by time:
     D:7: 2793 daAuts
     D:9: 2556 daAuts
     D:4: 2438 daAuts
     D:6: 2269 daAuts
     D:1: 2114 daAuts
     D:5: 1750 daAuts
     D:2: 1743 daAuts
     D:3: 1455 daAuts
     D:8: 1352 daAuts
    D:10: 776 daAuts
